Unix NetHack Version 5.0.0-0 post-release - last build May  4 2026 22:22:43 (774f63e81ad911689b3a0859ea89b322d5daca8d,branch:main).

Game began 2026-05-06 08:04:35, ended 2026-05-06 08:09:19.

1142425678, neutral female human Healer

                                                                    ---..-
                                                                    -<..@.
                                                                    ...hG.

1142425678 the Rhizotomist   St:11 Dx:8 Co:12 In:13 Wi:15 Ch:16  Neutral
Dlvl:3  $:1664 HP:0(13) Pw:6(6) AC:8  Xp:1 T:138 

Latest messages:
 Shall I pick character's race, role, gender and alignment for you? [ynaq] p
 Shall I pick character's race, role, gender and alignment for you? [ynaq] n
 [Hermes has chosen you to recover the Amulet of Yendor for Him.]
 Hello 1142425678, welcome to NetHack!  You are a neutral female human Healer.
 Loot in what direction? <esc>
 Never mind.
 You stop.  Your little dog is in the way!
 You swap places with your little dog.
 You hear some noises in the distance.
 You see here a banded mail.
 You see here a banded mail.
 You are almost hit by a dart.
 You hit the kobold.
 The kobold drinks a potion of healing!
 The kobold looks better.
 You miss the kobold.
 You kill the kobold!
 You hear the footsteps of a guard on patrol.
 You hear the splashing of a naiad.
 You descend the stairs.
 You see here 7 gold pieces.
 $ - 7 gold pieces (1664 in total).
 The door opens.
 You hear someone cursing shoplifters.
 The door opens.
 You see here 2 lembas wafers.
 l - 2 lembas wafers.
 You descend the stairs.
 The flask crashes on your head and breaks into shards.
 The purple-red potion evaporates.
 It suddenly gets dark.
 You can see again.
 The gnome lord hits!
 You miss the gnome lord.
 The dwarf wields a dagger!
 You hit the gnome lord.
 The gnome lord hits!
 You die...
 Do you want your possessions identified? [ynq] (y) y
 Do you want to see your attributes? [ynq] (y) y
 Do you want an account of creatures vanquished? [ynaq] (y) y
 Do you want to see your conduct and achievements? [ynq] (y) y
 Do you want to see the dungeon overview? [ynq] (y) y

Inventory:
 Coins    ('$')
  $ - 1664 gold pieces
 Weapons  (')')
  a - a +0 scalpel (weapon in right hand)
 Armor    ('[')
  b - an uncursed +1 pair of leather gloves (being worn)
 Comestibles  ('%')
  k - 6 uncursed apples
  l - 2 uncursed lembas wafers
 Spellbooks  ('+')
  i - a blessed spellbook of extra healing
  h - a blessed spellbook of healing
  j - a blessed spellbook of stone to flesh
 Potions  ('!')
  f - a blessed potion of extra healing
  e - 3 uncursed potions of extra healing
  d - 4 uncursed potions of healing
 Wands    ('/')
  g - a wand of sleep (0:6)
 Tools    ('(')
  c - an uncursed stethoscope

1142425678 the Healer's attributes:

Background:
 You were a Rhizotomist, a level 1 female human Healer.
 You were neutral, on a mission for Hermes
 who was opposed by Athena (lawful) and Poseidon (chaotic).
 You were right-handed.
 You were in the Gnomish Mines, on level 3.
 You entered the dungeon 138 turns ago.
 You had 6 experience points, 14 more were needed to attain level 2.

Basics:
 You had 0 out of 13 hit points.
 You had all 6 energy points (spell power).
 Your armor class was 8.
 Your wallet contained 1664 zorkmids.
 Autopickup was off.

Final Characteristics:
 Your strength was 11 (limit:18/100).
 Your dexterity was 8 (limit:18).
 Your constitution was 12 (limit:18).
 Your intelligence was 13 (limit:18).
 Your wisdom was 15 (limit:18).
 Your charisma was 16 (limit:18).

Final Status:
 You weren't hungry.
 You were unencumbered.
 You were wielding a knife.
 You had basic skill with knife.

Final Attributes:
 You were fervently aligned.
 You were poison resistant.
 You are dead.

Miscellaneous:
 You didn't encounter any bones levels.
 Total elapsed playing time was 4 minutes and 42 seconds.

Major events:
 Turn
    1: 1142425678 the neutral female human Healer entered the dungeon
  133: entered the Gnomish Mines
  138: killed by a gnome lord

Spells:
 Name                 Level Category     Fail Retention
 healing                1   healing        0%  91%-100%
 extra healing          3   healing       62%  91%-100%
 stone to flesh         3   healing       71%  91%-100%

Skills:
 Fighting Skills
   bare handed combat [Unskilled]
 Weapon Skills
   dagger             [Unskilled]
   knife              [Basic]
   short sword        [Unskilled]
   saber              [Unskilled]
   club               [Unskilled]
   mace               [Unskilled]
   quarterstaff       [Unskilled]
   polearms           [Unskilled]
   spear              [Unskilled]
   trident            [Unskilled]
   sling              [Unskilled]
   dart               [Unskilled]
   shuriken           [Unskilled]
   unicorn horn       [Unskilled]
 Spellcasting Skills
   healing spells     [Basic]

Voluntary challenges:
 Character rerolling was not enabled.
 You went without food.
 You were an atheist.
 You were illiterate.
 You never genocided any monsters.
 You never polymorphed an object.
 You never changed form.
 You used no wishes.
Achievement:
 You entered the Gnomish Mines.

 The Dungeons of Doom: levels 1 to 2
    Level 1:
       A fountain.
    Level 2:
       A grave.
       Stairs down to The Gnomish Mines.
 The Gnomish Mines:
    Level 3: <- You were here.
       Final resting place for
          you, killed by a gnome lord.


Vanquished creatures:
  a kobold
  a goblin
2 creatures vanquished.

No species were genocided or became extinct.

Game over:
                       ----------
                      /          \
                     /    REST    \
                    /      IN      \
                   /     PEACE      \
                  /                  \
                  |    1142425678    |
                  |     1664 Au      |
                  |   killed by a    |
                  |    gnome lord    |
                  |                  |
                  |                  |
                  |       2026       |
                 *|     *  *  *      | *
        _________)/\\_//(\/(/\)/\//\/|_)_______

Goodbye 1142425678 the Healer...

You died in The Gnomish Mines on dungeon level 3 with 131 points,
and 1664 pieces of gold, after 138 moves.
You were level 1 with a maximum of 13 hit points when you died.

